[ AOE2 MATCH · #505033012 ]
UnrankedTupi vs Malay
Player's team · WIN
Rival team · LOSS
[ REPLAY ANALYSIS · EXTRACTED FROM THE RECORDED GAME ]
Feudal
11:28
Castle
21:57
Imperial
35:01
| APM avg | 90.0 |
| APM peak | 164 |
| eAPM avg | 52.4 |
| Villagers / military | 180 / 28 |
Focus
⚔️ 70.4% · 🌾 29.6%
Unknown (2579) ×118 · Unknown (2550) ×75 · Battering Ram ×9 · Skirmisher ×8 · Unknown (2582) ×5 · Spearman ×4
Feudal
11:55
Castle
18:12
Imperial
33:05
| APM avg | 54.5 |
| APM peak | 94 |
| eAPM avg | 33.6 |
| Villagers / military | 185 / 176 |
Focus
⚔️ 37.7% · 🌾 62.3%
Skirmisher ×98 · Karambit Warrior ×41 · Archer ×15 · Bombard Cannon ×5 · Battle Elephant ×5 · Monk ×3
Match map
Initial resources + every placement click. Lines = walls · curves = elevation contours. ◆ gold · ⬟ stone · ● berries · ✦ relic · ◌ wall gap
Your base· ✓ Closed at 21:57 · 22t walls · no gate
mouri's base· Open — opponent sealed themselves in
Smoothed initial terrain · ◌ = detected wall gap · hover for details
Inputs per minute
— F1Re - - mouri
Build order — F1Re
First 150 of 684 actions detected
| 0:00 | Create | Villager (Male) |
| 0:01 | Build | House |
| 0:06 | Create | Villager (Male) |
| 0:09 | Create | Villager (Male) |
| 0:10 | Create | Villager (Male) |
| 1:03 | Build | House |
| 1:12 | Create | Villager (Male) |
| 1:53 | Create | Villager (Male) |
| 1:53 | Create | Villager (Male) |
| 1:53 | Create | Villager (Male) |
| 2:12 | Create | Villager (Male) |
| 2:12 | Create | Villager (Male) |
| 2:12 | Create | Villager (Male) |
| 2:31 | Create | Villager (Male) |
| 2:42 | Build | Barracks |
| 2:50 | Build | House |
| 3:05 | Create | Villager (Male) |
| 3:06 | Create | Villager (Male) |
| 3:26 | Build | House |
| 3:28 | Create | Villager (Male) |
| 3:28 | Create | Villager (Male) |
| 3:35 | Create | Unit 2550 |
| 3:59 | Create | Unit 2550 |
| 4:08 | Create | Villager (Male) |
| 4:08 | Create | Villager (Male) |
| 4:29 | Create | Villager (Male) |
| 4:29 | Create | Villager (Male) |
| 4:44 | Create | Unit 2550 |
| 4:56 | Create | Villager (Male) |
| 4:57 | Create | Villager (Male) |
| 5:33 | Create | Villager (Male) |
| 5:45 | Create | Villager (Male) |
| 5:50 | Create | Villager (Male) |
| 5:58 | Build | Settlement |
| 6:17 | Create | Villager (Male) |
| 6:37 | Create | Villager (Male) |
| 6:39 | Create | Unit 2550 |
| 6:49 | Create | Villager (Male) |
| 7:13 | Create | Villager (Male) |
| 7:21 | Create | Villager (Male) |
| 7:27 | Create | Villager (Male) |
| 7:37 | Create | Villager (Male) |
| 8:11 | Build | Settlement |
| 8:36 | Research | Loom |
| 8:36 | Research | Loom |
| 9:10 | Build | Settlement |
| 9:11 | Research | Feudal Age |
| 9:11 | Research | Feudal Age |
| 9:55 | Build | Farm |
| 9:56 | Create | Unit 2550 |
| 10:55 | Create | Unit 2550 |
| 11:12 | Build | Farm |
| 11:14 | Build | Farm |
| 11:17 | Build | House |
| 11:26 | Build | Palisade Wall |
| 11:28 | Age | Feudal Age |
| 11:30 | Create | Villager (Male) |
| 11:34 | Research | Tech 1402 |
| 11:35 | Research | Tech 1402 |
| 11:35 | Research | Tech 1402 |
| 11:46 | Create | Villager (Male) |
| 11:48 | Build | Archery Range |
| 11:51 | Build | House |
| 11:52 | Build | Palisade Wall |
| 12:00 | Build | Palisade Wall |
| 12:01 | Create | Villager (Male) |
| 12:02 | Build | Farm |
| 12:04 | Research | Double-Bit Axe |
| 12:04 | Research | Double-Bit Axe |
| 12:16 | Build | Palisade Wall |
| 12:22 | Build | Palisade Wall |
| 12:28 | Create | Villager (Male) |
| 12:46 | Create | Skirmisher |
| 12:53 | Build | House |
| 13:00 | Create | Villager (Male) |
| 13:03 | Build | House |
| 13:05 | Build | House |
| 13:07 | Create | Villager (Male) |
| 13:08 | Create | Skirmisher |
| 13:30 | Build | Farm |
| 13:36 | Create | Skirmisher |
| 13:53 | Create | Skirmisher |
| 14:03 | Create | Skirmisher |
| 14:04 | Create | Unit 2550 |
| 14:08 | Create | Villager (Male) |
| 14:14 | Build | Farm |
| 14:14 | Create | Villager (Male) |
| 14:38 | Build | Farm |
| 14:43 | Create | Villager (Male) |
| 14:47 | Build | Farm |
| 14:54 | Create | Skirmisher |
| 14:54 | Create | Villager (Male) |
| 15:05 | Build | House |
| 15:12 | Create | Villager (Male) |
| 15:19 | Build | House |
| 15:46 | Create | Villager (Male) |
| 15:54 | Create | Villager (Male) |
| 15:54 | Create | Skirmisher |
| 15:54 | Create | Skirmisher |
| 16:03 | Build | Farm |
| 16:16 | Build | Farm |
| 16:18 | Build | Farm |
| 16:34 | Create | Villager (Male) |
| 16:41 | Build | Settlement |
| 17:01 | Build | Farm |
| 17:13 | Build | Blacksmith |
| 17:17 | Build | Farm |
| 17:19 | Create | Villager (Male) |
| 17:26 | Build | Farm |
| 17:33 | Build | House |
| 17:34 | Build | Palisade Wall |
| 18:04 | Create | Villager (Male) |
| 18:05 | Build | Farm |
| 18:06 | Build | Farm |
| 18:07 | Build | Farm |
| 18:15 | Build | Settlement |
| 18:21 | Build | Watch Tower |
| 18:31 | Build | Palisade Wall |
| 18:37 | Create | Villager (Male) |
| 18:42 | Build | Farm |
| 18:44 | Build | Farm |
| 19:17 | Research | Castle Age |
| 19:17 | Research | Castle Age |
| 19:30 | Research | Fletching |
| 19:30 | Research | Fletching |
| 19:33 | Build | Settlement |
| 19:47 | Create | Spearman |
| 19:58 | Research | Scale Mail Armor |
| 19:58 | Research | Scale Mail Armor |
| 20:03 | Build | Farm |
| 20:05 | Research | Horse Collar |
| 20:06 | Research | Horse Collar |
| 20:15 | Build | House |
| 20:20 | Create | Spearman |
| 20:40 | Build | Barracks |
| 20:42 | Research | Forging |
| 20:42 | Research | Forging |
| 21:04 | Build | Farm |
| 21:06 | Create | Spearman |
| 21:16 | Research | Town Watch |
| 21:16 | Research | Town Watch |
| 21:24 | Build | Farm |
| 21:36 | Create | Spearman |
| 21:57 | Age | Castle Age |
| 21:59 | Research | Bodkin Arrow |
| 21:59 | Research | Bodkin Arrow |
| 22:02 | Create | Unit 2582 |
| 22:02 | Create | Unit 2582 |
| 22:02 | Research | Squires |
| 22:03 | Create | Villager (Male) |
Build order — mouri
First 150 of 546 actions detected
| 0:00 | Create | Villager (Male) |
| 0:01 | Create | Villager (Male) |
| 0:02 | Build | House |
| 0:02 | Build | House |
| 0:12 | Create | Villager (Male) |
| 0:14 | Create | Villager (Male) |
| 1:25 | Create | Villager (Male) |
| 1:53 | Build | Mill |
| 1:59 | Create | Villager (Male) |
| 2:25 | Create | Villager (Male) |
| 2:47 | Create | Villager (Male) |
| 2:47 | Create | Villager (Male) |
| 3:05 | Create | Villager (Male) |
| 3:05 | Create | Villager (Male) |
| 3:29 | Create | Villager (Male) |
| 3:51 | Build | House |
| 3:55 | Research | Loom |
| 3:55 | Research | Loom |
| 4:05 | Create | Villager (Male) |
| 4:09 | Research | Loom |
| 4:09 | Research | Loom |
| 4:27 | Create | Villager (Male) |
| 4:40 | Build | Lumber Camp |
| 4:48 | Create | Villager (Male) |
| 5:12 | Create | Villager (Male) |
| 5:33 | Create | Villager (Male) |
| 6:00 | Build | Palisade Wall |
| 6:01 | Build | Palisade Wall |
| 6:02 | Build | Palisade Wall |
| 6:04 | Build | Palisade Wall |
| 6:19 | Create | Villager (Male) |
| 6:22 | Build | House |
| 6:38 | Build | Palisade Wall |
| 6:38 | Build | Palisade Wall |
| 6:39 | Build | Palisade Wall |
| 6:40 | Build | Palisade Wall |
| 7:10 | Create | Villager (Male) |
| 7:32 | Build | Palisade Wall |
| 7:32 | Build | Palisade Wall |
| 7:33 | Build | Palisade Wall |
| 7:34 | Build | Palisade Wall |
| 7:41 | Create | Villager (Male) |
| 7:57 | Build | Mill |
| 7:58 | Create | Villager (Male) |
| 8:26 | Create | Villager (Male) |
| 8:27 | Create | Villager (Male) |
| 8:34 | Build | Palisade Wall |
| 8:41 | Build | Mining Camp |
| 8:46 | Build | House |
| 9:04 | Build | House |
| 9:08 | Build | Palisade Wall |
| 9:10 | Build | Palisade Wall |
| 9:15 | Create | Villager (Male) |
| 9:44 | Build | Barracks |
| 9:47 | Create | Villager (Male) |
| 9:59 | Create | Villager (Male) |
| 10:02 | Build | Palisade Wall |
| 10:02 | Build | Palisade Wall |
| 10:03 | Build | Palisade Wall |
| 10:06 | Build | Palisade Wall |
| 10:07 | Build | Palisade Wall |
| 10:08 | Build | Palisade Wall |
| 10:09 | Build | Palisade Wall |
| 10:09 | Build | Palisade Wall |
| 10:14 | Research | Feudal Age |
| 10:14 | Research | Feudal Age |
| 10:14 | Research | Feudal Age |
| 11:04 | Build | Palisade Wall |
| 11:05 | Build | Palisade Wall |
| 11:12 | Build | Farm |
| 11:13 | Build | Farm |
| 11:18 | Build | Farm |
| 11:27 | Create | Villager (Male) |
| 11:50 | Build | House |
| 11:52 | Build | Palisade Wall |
| 11:53 | Build | Palisade Wall |
| 11:54 | Build | Palisade Wall |
| 11:54 | Build | Palisade Wall |
| 11:54 | Build | Palisade Wall |
| 11:55 | Age | Feudal Age |
| 11:59 | Build | Archery Range |
| 12:04 | Research | Double-Bit Axe |
| 12:09 | Build | Palisade Wall |
| 12:19 | Create | Villager (Male) |
| 12:26 | Build | Blacksmith |
| 12:36 | Build | Palisade Wall |
| 12:40 | Create | Archer |
| 12:41 | Create | Archer |
| 12:42 | Create | Villager (Male) |
| 12:50 | Build | Farm |
| 13:03 | Build | Farm |
| 13:06 | Create | Villager (Male) |
| 13:22 | Create | Villager (Male) |
| 13:26 | Create | Archer |
| 13:29 | Build | Farm |
| 13:32 | Build | Farm |
| 13:37 | Create | Villager (Male) |
| 13:52 | Create | Archer |
| 14:07 | Build | House |
| 14:14 | Build | Farm |
| 14:17 | Build | Farm |
| 14:38 | Build | Watch Tower |
| 14:40 | Create | Villager (Male) |
| 14:44 | Build | Farm |
| 14:46 | Build | Farm |
| 14:48 | Build | House |
| 14:54 | Build | House |
| 15:03 | Create | Villager (Male) |
| 15:09 | Build | Palisade Wall |
| 15:10 | Build | Palisade Wall |
| 15:11 | Build | Palisade Wall |
| 15:15 | Build | Farm |
| 15:20 | Build | Palisade Wall |
| 15:20 | Build | Palisade Wall |
| 15:21 | Build | Palisade Wall |
| 15:28 | Create | Villager (Male) |
| 15:50 | Build | Stone Wall |
| 15:53 | Build | Stone Wall |
| 16:02 | Create | Archer |
| 16:04 | Create | Villager (Male) |
| 16:09 | Build | Stable |
| 16:26 | Build | Gate |
| 16:36 | Research | Castle Age |
| 16:36 | Research | Castle Age |
| 16:36 | Research | Castle Age |
| 16:59 | Build | Farm |
| 17:07 | Build | Farm |
| 17:08 | Research | Horse Collar |
| 17:09 | Research | Horse Collar |
| 17:14 | Build | Palisade Wall |
| 17:26 | Create | Archer |
| 17:26 | Create | Archer |
| 17:31 | Create | Villager (Male) |
| 18:12 | Age | Castle Age |
| 18:15 | Create | Battle Elephant |
| 18:15 | Create | Battle Elephant |
| 18:20 | Build | Market |
| 18:40 | Build | Siege Workshop |
| 18:46 | Create | Battle Elephant |
| 18:47 | Create | Villager (Male) |
| 18:52 | Create | Villager (Male) |
| 18:54 | Build | Monastery |
| 18:55 | Build | House |
| 18:58 | Build | Palisade Wall |
| 19:00 | Build | Palisade Wall |
| 19:06 | Build | House |
| 19:16 | Build | Palisade Wall |
| 19:22 | Build | Palisade Wall |
| 19:23 | Build | Palisade Wall |
| 19:24 | Build | Palisade Wall |
Match timeline
| 2:42 | F1Re · first_building Barracks |
| 6:00 | mouri · wall_segment Palisade Wall x1 |
| 6:01 | mouri · wall_segment Palisade Wall x1 |
| 6:02 | mouri · wall_segment Palisade Wall x1 |
| 6:04 | mouri · wall_segment Palisade Wall x1 |
| 6:38 | mouri · wall_segment Palisade Wall x1 |
| 6:38 | mouri · wall_segment Palisade Wall x1 |
| 6:39 | mouri · wall_segment Palisade Wall x1 |
| 6:40 | mouri · wall_segment Palisade Wall x1 |
| 7:32 | mouri · wall_segment Palisade Wall x1 |
| 7:32 | mouri · wall_segment Palisade Wall x1 |
| 7:33 | mouri · wall_segment Palisade Wall x1 |
| 7:34 | mouri · wall_segment Palisade Wall x1 |
| 8:34 | mouri · wall_segment Palisade Wall x1 |
| 9:08 | mouri · wall_segment Palisade Wall x1 |
| 9:10 | mouri · wall_segment Palisade Wall x1 |
| 9:44 | mouri · first_building Barracks |
| 10:02 | mouri · wall_segment Palisade Wall x1 |
| 10:02 | mouri · wall_segment Palisade Wall x1 |
| 10:03 | mouri · wall_segment Palisade Wall x1 |
| 10:06 | mouri · wall_segment Palisade Wall x1 |
| 10:07 | mouri · wall_segment Palisade Wall x1 |
| 10:08 | mouri · wall_segment Palisade Wall x1 |
| 10:09 | mouri · wall_segment Palisade Wall x1 |
| 10:09 | mouri · wall_segment Palisade Wall x1 |
| 11:04 | mouri · wall_segment Palisade Wall x1 |
| 11:05 | mouri · wall_segment Palisade Wall x1 |
| 11:26 | F1Re · wall_segment Palisade Wall x1 |
| 11:28 | F1Re · age_up feudal |
| 11:48 | F1Re · first_building Archery Range |
| 11:52 | mouri · wall_segment Palisade Wall x1 |
| 11:52 | F1Re · wall_segment Palisade Wall x1 |
| 11:53 | mouri · wall_segment Palisade Wall x1 |
| 11:54 | mouri · wall_segment Palisade Wall x1 |
| 11:54 | mouri · wall_segment Palisade Wall x1 |
| 11:54 | mouri · wall_segment Palisade Wall x1 |
| 11:55 | mouri · age_up feudal |
| 11:59 | mouri · first_building Archery Range |
| 12:00 | F1Re · wall_segment Palisade Wall x6 |
| 12:09 | mouri · wall_segment Palisade Wall x1 |
| 12:16 | F1Re · wall_segment Palisade Wall x5 |
| 12:22 | F1Re · wall_segment Palisade Wall x7 |
| 12:36 | mouri · wall_segment Palisade Wall x1 |
| 15:09 | mouri · wall_segment Palisade Wall x1 |
| 15:10 | mouri · wall_segment Palisade Wall x1 |
| 15:11 | mouri · wall_segment Palisade Wall x1 |
| 15:20 | mouri · wall_segment Palisade Wall x1 |
| 15:20 | mouri · wall_segment Palisade Wall x1 |
| 15:21 | mouri · wall_segment Palisade Wall x1 |
| 15:50 | mouri · wall_segment Stone Wall x1 |
| 15:53 | mouri · wall_segment Stone Wall x1 |
| 16:09 | mouri · first_building Stable |
| 17:14 | mouri · wall_segment Palisade Wall x1 |
| 17:34 | F1Re · wall_segment Palisade Wall x1 |
| 18:12 | mouri · age_up castle |
| 18:31 | F1Re · wall_segment Palisade Wall x1 |
| 18:40 | mouri · first_building Siege Workshop |
| 18:54 | mouri · first_building Monastery |
| 18:58 | mouri · wall_segment Palisade Wall x1 |
| 19:00 | mouri · wall_segment Palisade Wall x1 |
| 19:16 | mouri · wall_segment Palisade Wall x2 |
| 19:22 | mouri · wall_segment Palisade Wall x1 |
| 19:23 | mouri · wall_segment Palisade Wall x1 |
| 19:24 | mouri · wall_segment Palisade Wall x1 |
| 19:32 | mouri · wall_segment Palisade Wall x1 |
| 19:41 | mouri · first_market_buy 100 stone |
| 20:21 | mouri · wall_segment Palisade Wall x1 |
| 20:22 | mouri · wall_segment Palisade Wall x1 |
| 21:57 | F1Re · age_up castle |
| 22:05 | F1Re · first_building Monastery |
| 22:35 | F1Re · first_building Siege Workshop |
| 24:25 | F1Re · first_building Castle |
| 26:10 | mouri · wall_segment Stone Wall x1 |
| 26:11 | mouri · wall_segment Stone Wall x1 |
| 26:11 | mouri · wall_segment Stone Wall x1 |
| 26:12 | mouri · wall_segment Stone Wall x1 |
| 26:13 | mouri · wall_segment Stone Wall x1 |
| 26:13 | mouri · wall_segment Stone Wall x1 |
| 26:14 | mouri · wall_segment Stone Wall x1 |
| 28:34 | F1Re · first_market_buy 100 wood |
| 29:53 | mouri · first_building Castle |
| 30:25 | mouri · wall_segment Stone Wall x1 |
| 31:09 | mouri · first_market_sell 500 wood |
| 31:43 | F1Re · first_market_sell 100 stone |
| 33:05 | mouri · age_up imperial |
| 35:01 | F1Re · age_up imperial |
| 47:37 | mouri · resign |
[ AI ANALYSIS · 1 CREDIT ]
What really happened in this match?
Wolo.gg analyzes every decision: build order, eco, micro, common mistakes by bracket. Personalized analysis on WhatsApp or Discord in 30 seconds.
Civ guide
Tupi
Perfil
Jugador #196310